 Dungeon Crawl Stone Soup version 0.22.0 (webtiles) character file.

65 Blackhawk the Skirmisher (level 4, 0/37 HPs)
             Began as a Formicid Abyssal Knight on Oct 26, 2018.
             Was a Follower of Lugonu.
             Slain by an adder (2 damage)
             ... on level 2 of the Dungeon.
             The game lasted 00:02:11 (1870 turns).

Blackhawk the Skirmisher (Formicid Abyssal Knight)  Turns: 1870, Time: 00:02:12

Health: 0/37       AC:  3    Str: 17    XL:     4   Next: 34%
Magic:  6/6        EV: 11    Int: 12    God:    Lugonu [*.....]
Gold:   43         SH:  0    Dex: 10    Spells: 3/3 levels left

rFire    . . .     SeeInvis +   a - +1 mace
rCold    . . .     Gourm    .   (no shield)
rNeg     . . .     Faith    .   b - +0 leather armour
rPois    .         Spirit   .   (helmet unavailable)
rElec    .         Reflect  .   (no cloak)
rCorr    .         Harm     .   (no gloves)
MR       .....                  (no boots)
Stlth    +.........             (no amulet)
HPRegen  0.12/turn              (no ring)
MPRegen  0.10/turn              (no ring)

@: no status effects
A: permanent stasis, dig shafts and tunnels, four strong arms, antennae 3
a: Dig, Shaft Self, Depart the Abyss, Renounce Religion


You were on level 2 of the Dungeon.
You worshipped Lugonu.
Lugonu was aware of your devotion.
You were not hungry.

You visited 1 branch of the dungeon, and saw 2 of its levels.
You visited the Abyss 1 time.

You collected 43 gold pieces.

Inventory:

Hand Weapons
 a - a +1 mace (weapon)
Missiles
 f - 67 stones (quivered)
Armour
 b - a +0 leather armour (worn)
Jewellery
 j - an uncursed ring of protection from fire {unknown}
 o - an uncursed ring of see invisible {unknown}
Scrolls
 g - 3 scrolls of magic mapping {unknown}
 h - 2 scrolls of teleportation {unknown}
 i - a scroll of identify {unknown}
 m - a scroll of remove curse {unknown}
 n - a scroll of random uselessness {unknown}
Potions
 d - a potion of agility {unknown}
 e - 2 potions of curing {unknown}
 l - a potion of degeneration {unknown}
Comestibles
 c - 3 rations
 k - a chunk of flesh


   Skills:
 + Level 3.8 Fighting
 + Level 2.6 Maces & Flails
 + Level 2.8 Armour
 + Level 1.6 Dodging
 + Level 2.9 Invocations


You had 3 spell levels left.
You didn't know any spells.
Your spell library was empty.

Dungeon Overview and Level Annotations

Branches:
Dungeon (2/15)

Altars:
Hepliaklqana


Innate Abilities, Weirdness & Mutations

You cannot be hasted, slowed, berserked, paralysed or teleported.
You can dig through walls and to a lower floor.
Your four strong arms can wield two-handed weapons with a shield.
You have a pair of large antennae on your head. (SInv)


Message History

The adder is heavily wounded.
The adder bites you but does no damage. The adder bites you.
You miss the adder.
The adder is heavily wounded.
The adder bites you.
* * * LOW HITPOINT WARNING * * *
The adder bites you.
* * * LOW HITPOINT WARNING * * *
You closely miss the adder.
The adder is heavily wounded.
The adder bites you but does no damage.
You hit the adder.
The adder is almost dead.
The adder bites you.
* * * LOW HITPOINT WARNING * * *
The adder closely misses you.
You closely miss the adder.
The adder is almost dead.
The adder closely misses you. The adder bites you.
You die...

###.# ###.# { #
#...# # #.#.#
###.####.#.#####
...............###
##..<###.#.......
.... #.).#.###.###
## ##..........# .
#..#...#.#@# ##
#..#...#>#S#
#..#...#.#hh
#..#...#.#.#.
#......#.#....
...#.#.#.#.# ##
.......#.#.# #
#.#.. ... ..#.#.


You could see an adder and 2 jackals.

Vanquished Creatures
  A gnoll (D:1)
  An adder (D:2)
  An ooze (D:2)
  3 dart slugs
  A leopard gecko (D:1)
  A ball python (D:2)
  3 giant cockroaches
  4 goblins
  3 hobgoblins
  A jackal (D:2)
  5 kobolds
  A quokka (D:2)
  3 bats (D:1)
  2 frilled lizards
  3 rats
33 creatures vanquished.

Notes
Turn   | Place    | Note
-------+----------+-------------------------------------------
     0 | Abyss:1  | Blackhawk the Formicid Abyssal Knight began the quest for the Orb.
     0 | Abyss:1  | Reached XP level 1. HP: 18/18 MP: 2/2
    49 | Abyss:1  | Noticed a small abomination
    50 | D:1      | Escaped the Abyss
    54 | D:1      | Reached skill level 1 in Dodging
    80 | D:1      | Reached * piety under Lugonu
    90 | D:1      | Reached XP level 2. HP: 18/24 MP: 3/3
   631 | D:1      | Reached XP level 3. HP: 28/29 MP: 4/4
  1256 | D:2      | Reached XP level 4. HP: 25/37 MP: 6/6
  1772 | D:2      | Found a hazy altar of Hepliaklqana.
  1870 | D:2      | Slain by an adder

Skill      XL: |  1 |
---------------+----+-----
Dodging        | 1 |  1.6
Fighting       | |  3.8
Maces & Flails | |  2.6
Armour         | |  2.8
Invocations    | |  2.9

Action                   |  1- 3 |  4- 6 || total
-------------------------+-------+-------++-------
Melee: Mace              |    59 |    39 ||    98
Invok: Depart the Abyss  |     1 |       ||     1
 Stab: Sleeping          |     1 |       ||     1
  Eat: Chunk             |       |     3 ||     3
Armor: Leather armour    |    18 |     9 ||    27
Dodge: Dodged            |    32 |    29 ||    61
